 Dungeon Crawl Stone Soup version 0.26-a0-651-gb41185065b (webtiles) character file.

Game seed: 17902688734568823179

(classic levelgen) 98 EnegeticOcto the Sneak (level 4, -7/42 HPs)
             Began as a Deep Dwarf Delver on Oct 23, 2020.
             Was an Initiate of Ru.
             Mangled by Menkaure (16 damage)
             ... on level 6 of the Dungeon.
             The game lasted 00:02:09 (222 turns).

EnegeticOcto the Sneak (Deep Dwarf Delver)           Turns: 222, Time: 00:02:10

Health: -7/42      AC:  8    Str: 15    XL:     4   Next: 44%
Magic:  5/5        EV:  7    Int: 12    God:    Ru [......]
Gold:   32         SH:  0    Dex: 14    Spells: 5/5 levels left

rFire    . . .     SeeInvis .   a - +0 hand axe
rCold    . . .     Faith    .   (no shield)
rNeg     . . .     Spirit   .   h - +0 chain mail
rPois    .         Reflect  .   (no helmet)
rElec    .         Harm     .   (no cloak)
rCorr    .         Rampage  .   (no gloves)
MR       .....                  (no boots)
Stlth    ..........             (no amulet)
HPRegen  0.00/turn              (no ring)
MPRegen  0.09/turn              (no ring)

@: non-regenerating
A: damage resistance, heal wounds, sense surroundings 1, no regeneration
a: Heal Wounds, Renounce Religion


You were on level 6 of the Dungeon.
You worshipped Ru.
Ru was noncommittal.
You visited 2 branches of the dungeon, and saw 4 of its levels.

You collected 32 gold pieces.

Inventory:

Hand Weapons
 a - a +0 hand axe (weapon)
Armour
 b - a +0 leather armour
 h - a +0 chain mail (worn)
Wands
 g - a wand of digging (3) {@v3}
Scrolls
 c - a scroll of fog
 e - a scroll of fear
 i - a scroll of enchant armour {unknown}
 j - a scroll of identify {unknown}
Potions
 f - a potion of haste {@q4}


   Skills:
 - Level 3.0 Fighting
 * Level 3.8 Axes
 - Level 2.8 Dodging
 - Level 6.4 Stealth
 + Level 1.0 Spellcasting


You had 5 spell levels left.
You didn't know any spells.
Your spell library contained the following spells:

 Spells                   Type           Power        Failure   Level
 Beastly Appendage        Tmut           #.....       100%        1
 Wereblood                Tmut           #.......     100%        2
 Spider Form              Tmut/Pois      #.........   100%        3
 Ice Form                 Ice/Tmut       #.......     100%        4
 Blade Hands              Tmut           #.........   100%        5


Dungeon Overview and Level Annotations

Branches:
Dungeon (6/15)             Temple (1/1) D:5

Altars:
Ru

Annotations:
D:6 Menkaure


Innate Abilities, Weirdness & Mutations

You are resistant to damage.
You can heal yourself by infusing magical energy.
You passively map a small area around you.
You do not regenerate.


Message History

The scorpion stings you.
You are more poisoned.
The scorpion poisons you! The scorpion stings you.
You closely miss the scorpion.
The scorpion is severely wounded.
The scorpion barely misses you.
You hit the scorpion.
The scorpion is almost dead.
The scorpion stings you but does no damage.
You hit the scorpion but do no damage.
The scorpion is almost dead.
The scorpion stings you.
You hit the scorpion but do no damage.
The scorpion is almost dead.
The scorpion stings you.
You hit the scorpion.
You kill the scorpion!
Your Axes skill increases to level 3!
You have reached level 4!
You feel clever.
An adder comes into view.
A jackal comes into view.
The jackal barks!
A jackal comes into view.
You see here 16 gold pieces.
You now have 16 gold pieces.
The jackal barks!
The adder bites you but does no damage. The adder bites you.
You hit the adder.
The adder is lightly wounded.
The adder barely misses you.
You miss the adder.
The adder is lightly wounded.
The adder barely misses you. x2
You miss the adder.
The adder is lightly wounded.
The adder bites you but does no damage. The jackal bites you.
You barely miss the adder.
The adder is lightly wounded.
You closely miss the jackal. You hit the jackal.
The jackal completely misses you.
The jackal bites you but does no damage.
The adder completely misses you. The jackal closely misses you.
The adder bites you.
You are more poisoned.
The adder poisons you!
The jackal bites you but does no damage.
You closely miss the jackal.
The jackal is severely wounded.
You miss the adder. You hit the jackal.
The jackal bites you but does no damage. x2
The adder bites you but does no damage.
You hit the jackal.
You kill the jackal!
You closely miss the jackal. You hit the adder. The jackal barely misses you.
The adder barely misses you.
The jackal bites you but does no damage.
You miss the adder.
The adder is moderately wounded.
You barely miss the jackal. The adder bites you but does no damage.
The jackal bites you but does no damage.
The adder bites you.
You hit the adder.
The adder is moderately wounded.
You hit the jackal.
You kill the jackal!
The adder bites you but does no damage.
You slash the adder!
You kill the adder!
Your Spellcasting skill increases to level 1!
No target in view!
There is a stone staircase leading down, spattered with blood here.
You climb downwards.
There is a stone staircase leading up here.
You are no longer poisoned.
Found 16 gold pieces.
You now have 32 gold pieces (gained 16).
(D) Dungeon (T) Temple
Where to? (? - help)
There is a stone staircase leading down here.
You climb downwards.
You hear the hiss of flowing sand.
There is an entrance to an ossuary on this level.
Hurry and find it before the portal is buried!
There is a stone staircase leading up here.
As you read the scroll of magic mapping {@r5}, it crumbles to dust.
You feel aware of your surroundings.
You sensed 3 altars, and 4 shops/portals.
Unknown command.
Menkaure, Prince of Dust comes into view.
Menkaure shouts!
Menkaure gestures wildly while chanting.
Menkaure seems to speed up.
Menkaure hits you but does no damage.
You closely miss Menkaure. Menkaure hits you!
You hit Menkaure.
Menkaure is lightly damaged.
Menkaure hits you. Menkaure hits you!
* * * LOW HITPOINT WARNING * * *
You fail to use your ability.
Menkaure hits you!
You die...

### *** ** ###<# *****#***,****,
#...# ###*,,,..,,,,,,,,, #.#.#
#..,,,..,,,,,,,,,,
#####.#.###.#,,..,,,,*,,,,,, **
#.........#.#,.#***********, ,*
#.###.#...#.#..####********, ,*
#..........@M......,,,,,,,,, ,*
#...........#..####********* ,*
#.###.#######,.# *,,,*,, ,* #,*
#.*,,,,,,,,#******,*,*,* ,* *,*
#.*,****,,,,,,,,,*,*,*,* ,*
*,**#,*,****,,******,*,*,*,*
******,,,,,,,,,,*,,******,*,*,*,,
,,,,,,,,,,,,,,,,,,,,,,,,,,*,*,***
*****,,,,,,,,,,,*,,,,,,,*,,,,,,,,


You could see Menkaure (fast).

Vanquished Creatures
  A scorpion (D:4)
  A bullfrog skeleton (D:5)
  A hound zombie (D:5)
  An adder (D:4)
  2 jackals (D:4)
6 creatures vanquished.

Notes
Turn   | Place    | Note
-------+----------+-------------------------------------------
     0 | D:5      | EnegeticOcto the Deep Dwarf Delver began the quest for the
                  | Orb.
     0 | D:5      | Reached XP level 1. HP: 20/20 MP: 1/1
     5 | D:5      | Found a staircase to the Ecumenical Temple.
    14 | Temple   | Entered the Ecumenical Temple
    24 | Temple   | Became a worshipper of Ru the Awakened
   100 | D:5      | Reached XP level 2. HP: 24/27 MP: 2/2
   117 | D:5      | Reached XP level 3. HP: 19/34 MP: 3/3
   133 | D:4      | Noticed a scorpion
   145 | D:4      | Killed a scorpion
   145 | D:4      | Reached XP level 4. HP: 37/42 MP: 3/5
   159 | D:4      | Reached skill level 1 in Spellcasting
   216 | D:6      | Noticed Menkaure
   222 | D:6      | Mangled by Menkaure

Illustrated notes

Levels and vault maps discovered:
D:4:      kennysheep_big_flooded_room, layout_basic, kennysheep_generic_room_15
D:5:      layout_cave_pods, minmay_temple_entry_ruins, serial_shops, shop,
          uniq_prince_ribbit1
D:6:      layout_basic, amethyst_overflow_temple_binary, enter_ossuary_4,
          vehumet_altar_wand_db, uniq_menkaure
Temple:   regret_index_temple_generic_petals

Skill      XL: |  1  2  3  4 |
---------------+-------------+-----
Fighting       | 3 |  3.0
Axes           | 3 |  3.8
Spellcasting   | 1 |  1.0
Dodging        | |  2.8
Stealth        | |  6.4

Action                   |  1- 3 |  4- 6 || total
-------------------------+-------+-------++-------
Melee: Hand axe          |    35 |    11 ||    46
 Abil: Heal Wounds       |     1 |       ||     1
  Use: Scroll            |       |     1 ||     1
Armor: Chain mail        |    24 |    12 ||    36
Dodge: Dodged            |     9 |     8 ||    17

Table legend: (Time is in decaauts)
 A = Elapsed time spent in this place.
 B = Non-inter-level travel time spent in this place.
 C = Inter-level travel time spent in this place.
 D = Time resting spent in this place.
 E = Time spent auto-exploring this place.
 F = Levels seen in this place.
 G = Mean time per level.
                   A        B        C        D        E       F      G
               +--------+--------+--------+--------+--------+-----+--------+
         Total |    230 |    224 |      6 |      0 |      0 |   4 |   57.5 |
       Dungeon |    210 |    204 |      6 |      0 |      0 |   3 |   70.0 |
        Temple |     19 |     19 |      0 |      0 |      0 |   1 |   19.0 |
               +--------+--------+--------+--------+--------+-----+--------+

Top non-repeatable levels by time:
     D:5: 162 daAuts
     D:4: 34 daAuts
  Temple: 19 daAuts
     D:6: 13 daAuts
